Map: Forteresse de fer EC

Players

Yargabavan

  • Race: Zerg Zerg

AgCl - Winner!

  • Race: Protoss Protoss

VOD

Have the link to the VOD?

Description

Time

  • Played on: May 12, 2015, 9:04 p.m.
  • Length: 11:57
Show
View Real Time Build Order
Export as new Build Order

Yargabavan Zerg 

Build Orders: Pool First 

Get SALT Encoding   

  12  0:01  Drone  
  13  0:15  Drone  
  13  0:17  Overlord  
  14  0:28  Extractor  
  13  0:29  Drone  
  13  0:34  Extractor  
  13  0:35  Drone  
  14  0:39  Drone  
  15  0:48  Overlord  
  15  0:59  Drone  
  16  1:10  Spawning Pool  
  15  1:13  Drone  
  16  1:23  Drone  
  17  1:32  Drone  
  18  1:42  Drone  
  19  1:54  Drone  
  19  1:58  Lair  
  19  2:00  Hatchery  
  19  2:05  Zergling x2  
  20  2:14  Zergling x2  
  21  2:25  Roach Warren, Zergling x2  
  21  2:37  Zergling x2  
  22  2:46  Zergling x2  
  23  2:56  Queen  
  25  3:00  Zergling x2  
  26  3:13  Roach  
  27  3:37  Hydralisk Den, Roach  
  27  3:38  Roach  
  27  3:40  Ravager  
  31  3:54  Queen  
  33  3:57  Drone x2  
  33  4:02  Overlord x2  
  35  4:25  Hydralisk x4  
  35  4:26  Hydralisk  
  35  4:29  Drone  
  47  4:31  Drone  
  47  4:45  Ravager x2  
  49  4:49  Hydralisk  
  49  4:51  Overlord  
  51  5:17  Zergling x2  
  51  5:18  Zergling x12  
  48  5:47  Drone x3  
  45  6:05  Spire  
  43  6:16  Hydralisk  
  43  6:17  Hydralisk x3  
  49  6:19  Roach x3  
  49  6:23  Zergling x6  
  58  6:39  Overlord x3  
  46  7:09  Roach x3  
  46  7:11  Hydralisk x2, Roach  
  59  7:15  Drone x2  
  60  7:38  Zergling x8  
  60  7:39  Zergling x2  
  60  7:43  Ravager  
  67  7:44  Ravager  
  67  8:03  Drone  
  67  8:04  Overlord x3  
  68  8:19  Hatchery  
  67  8:25  Extractor  
  67  8:26  Drone x2  
  67  8:27  Drone, Extractor  
  68  8:33  Mutalisk x2  
  72  8:39  Drone  
  72  8:40  Drone x3  
  58  9:14  Hydralisk x4  
  58  9:15  Hydralisk  
  58  9:16  Zergling x2  
  58  9:17  Zergling x10  
  57  9:53  Hydralisk  
  57  9:54  Hydralisk x3  
  57  9:56  Zergling x4  
  56  10:27  Drone x3  
  59  10:30  Zergling x6  
  62  10:39  Hydralisk x2  
  62  10:40  Hydralisk x4  
  75  10:42  Zergling x2  
  75  10:43  Zergling x2  
  60  11:25  Zergling x4  
  60  11:26  Zergling x12  
Show
View Real Time Build Order
Export as new Build Order

AgCl Protoss - Winner!

Build Orders:  

Get SALT Encoding   

  13  0:11  Pylon  
  13  0:13  Probe  
  13  0:25  Probe  
  14  0:32  Gateway  
  14  0:38  Assimilator  
  14  0:40  Probe  
  15  0:53  Probe (Chrono Boost)  
  17  1:05  Probe (Chrono Boost)  
  17  1:09  Assimilator  
  17  1:12  Probe (Chrono Boost)  
  18  1:19  Cybernetics Core  
  18  1:22  Probe (Chrono Boost)  
  19  1:31  Probe (Chrono Boost)  
  20  1:39  Probe  
  21  1:51  Probe, Pylon  
  22  1:59  Warp Gate  
  22  2:00  Robotics Facility  
  22  2:09  Probe (Chrono Boost)  
  23  2:21  Mothership Core (Chrono Boost)  
  25  2:39  Pylon  
  25  2:40  Probe  
  25  2:42  Gateway  
  26  2:47  Observer  
  27  2:52  Probe  
  28  3:03  Gateway  
  28  3:05  Probe  
  29  3:06  Pylon  
  28  3:14  Warp Prism (Chrono Boost)  
  28  3:17  Probe  
  31  3:30  Probe  
  32  3:34  Gateway  
  32  3:39  Stargate  
  32  3:42  Probe  
  33  4:02  Nexus  
  33  4:07  Nexus  
  33  4:13  Adept  
  33  4:15  Probe (Chrono Boost)  
  36  4:26  Probe (Chrono Boost)  
  36  4:28  Oracle (Chrono Boost)  
  40  4:32  Probe  
  40  4:35  Adept  
  43  4:40  Adept  
  43  4:45  Probe  
  46  5:01  Forge  
  46  5:03  Pylon  
  46  5:20  Probe  
  44  5:22  Void Ray (Chrono Boost)  
  42  5:30  Probe  
  41  5:38  Assimilator  
  41  5:43  Probe (Chrono Boost)  
  41  5:47  Assimilator  
  41  5:49  Probe (Chrono Boost)  
  43  5:52  Probe (Chrono Boost), Void Ray (Chrono Boost)  
  43  5:56  Probe (Chrono Boost)  
  49  5:58  Pylon  
  49  6:10  Stalker  
  51  6:12  Probe  
  49  6:21  Adept x2  
  49  6:22  Adept  
  50  6:26  Probe (Chrono Boost), Pylon  
  50  6:28  Probe (Chrono Boost)  
  52  6:34  Zealot  
  52  6:39  Probe (Chrono Boost)  
  56  6:44  Probe (Chrono Boost)  
  56  6:45  Stalker x2, Adept  
  61  6:47  Probe (Chrono Boost)  
  61  7:01  Probe (Chrono Boost), Pylon  
  60  7:04  Pylon  
  60  7:07  Probe x2  
  60  7:14  Protoss Ground Weapons Level 1 (Chrono Boost)  
  60  7:16  Pylon  
  60  7:19  Void Ray (Chrono Boost)  
  60  7:21  Probe (Chrono Boost)  
  66  7:25  Twilight Council  
  66  7:27  Probe (Chrono Boost)  
  67  7:30  Probe (Chrono Boost)  
  67  7:34  Probe (Chrono Boost)  
  68  7:41  Warp Prism (Chrono Boost)  
  70  7:47  Mothership Core (Chrono Boost)  
  72  7:55  Phoenix (Chrono Boost)  
  75  7:59  Probe (Chrono Boost)  
  75  8:04  Nexus  
  75  8:07  Pylon  
  75  8:13  Charge (Chrono Boost)  
  75  8:19  Zealot  
  77  8:26  Probe  
  79  8:27  Probe  
  79  8:31  Dark Shrine  
  79  8:35  Gateway  
  79  8:38  Gateway, Probe  
  80  8:45  Stalker, Zealot  
  80  8:46  Zealot  
  82  8:55  Adept  
  82  8:56  Adept  
  85  9:07  Zealot  
  83  9:18  Gateway, Protoss Ground Weapons Level 2 (Chrono Boost)  
  83  9:20  Assimilator  
  83  9:21  Probe (Chrono Boost)  
  86  9:25  Pylon  
  86  9:26  Probe x2 (Chrono Boost)  
  86  9:27  Assimilator  
  86  9:29  Photon Cannon  
  86  9:30  Probe (Chrono Boost)  
  87  9:32  Pylon  
  87  9:33  Probe (Chrono Boost)  
  88  9:42  Observer (Chrono Boost)  
  89  9:47  Void Ray  
  81  10:05  Gateway  
  81  10:06  Pylon  
  81  10:09  Photon Cannon  
  81  10:13  Probe (Chrono Boost)  
  84  10:15  Shield Upgrade (Chrono Boost)  
  84  10:18  Probe (Chrono Boost)  
  84  10:19  Probe (Chrono Boost)  
  84  10:25  Probe (Chrono Boost)  
  84  10:26  Adept x2  
  84  10:27  Zealot x2  
  84  10:28  Dark Templar  
  95  10:34  Dark Templar  
  97  10:42  Archon  
  97  10:50  Gateway  
  97  10:55  Templar Archives  
  97  10:57  Pylon  
  97  11:14  Nexus  
  97  11:17  Pylon  
  89  11:23  Zealot  
  89  11:24  Zealot x3  
  93  11:51  Stalker x2  
  93  11:52  Dark Templar x4  
  93  11:53  Dark Templar  
Tags
 
Add a new tag
Caveats
  • Supply blocks, unpowered buildings, or Contaminate may cause inaccurate times.
  • Supply counts are checked every 10 seconds.